 Dungeon Crawl Stone Soup version 0.27-a0-1177-g245c70e (webtiles) character file.

Game seed: 11594995797020637933

58 Meow the Stinger (level 4, 36/36 HPs)
             Began as a Naga Venom Mage on May 16, 2021.
             Quit the game on level 2 of the Dungeon.
             The game lasted 00:03:30 (713 turns).

Meow the Stinger (Naga Venom Mage)                   Turns: 713, Time: 00:03:30

Health: 36/36      AC:  2    Str: 11    XL:     4   Next: 1%
Magic:  5/8        EV:  9    Int: 16    God:
Gold:   0          SH:  0    Dex: 11    Spells: 2/9 levels left

rFire    . . .     SeeInvis +   a - +0 long sword
rCold    . . .     Faith    .   (no shield)
rNeg     . . .     Spirit   .   c - +0 robe
rPois    +         Reflect  .   (no helmet)
rElec    .         Harm     .   (no cloak)
rCorr    +         Rampage  .   (no gloves)
Will     +....                  (no barding)
Stlth    ++........             (no amulet)
HPRegen  0.12/turn              e - ring of resist corrosion
MPRegen  0.11/turn              o - ring of willpower

@: short of breath, very slow
A: AC +1, large, see invisible, deformed body, poison resistance, slowness 2,
spit poison 1, naga tail 1
a: Spit Poison


You were on level 2 of the Dungeon.
You visited 1 branch of the dungeon, and saw 2 of its levels.

Inventory:

Hand Weapons
 a - a +0 long sword (weapon)
 d - a +0 dagger
Missiles
 b - 26 stones (quivered)
 f - 15 poisoned darts
 l - 17 bolts
Armour
 c - a +0 robe (worn)
Jewellery
 e - a ring of resist corrosion (left hand)
 h - a ring of protection from fire
 o - a ring of willpower (right hand)
Wands
 j - a wand of digging (5)
Scrolls
 k - a scroll of identify {unknown}
 m - a scroll of teleportation {unknown}
Potions
 g - a potion of curing {unknown}
 i - a potion of brilliance {unknown}
 n - a potion of ambrosia {unknown}


   Skills:
 - Level 1.5 Dodging
 - Level 3.0 Stealth
 + Level 3.0 Spellcasting
 - Level 1.0 Transmutations
 + Level 5.3 Poison Magic


You had 2 spell levels left.
You knew the following spells:

 Your Spells              Type           Power      Damage    Failure   Level
a - Sting                 Tmut/Pois      48%        1d5       4%          1
c - Mephitic Cloud        Conj/Pois/Air  8%         N/A       26%         3
C - Ignite Poison         Fire/Tmut/Pois 9%         N/A       24%         3

Your spell library contained the following spells:

 Spells                   Type           Power      Damage    Failure   Level
 Poisonous Vapours        Pois/Air       20%        N/A       10%         2
 Olgreb's Toxic Radiance  Pois           19%        N/A       22%         4


Dungeon Overview and Level Annotations

Branches:
Dungeon (2/15)

Altars:


Innate Abilities, Weirdness & Mutations

Your serpentine skin is tough. (AC +1)
You have supernaturally acute eyesight. (SInv)
Armour fits poorly on your strangely shaped body.
Your system is resistant to poisons. (rPois)
You cover ground very slowly.
You can spit poison.
You have a snake-like lower body.


Message History

Aim: an adder (severely wounded, confused)
The splash of poison hits the adder.
The adder is poisoned.
The adder is almost dead.
You kill the adder!
Your Spellcasting skill increases to level 3!
Unknown command.
You have got your breath back.
There is a stone staircase leading up here.
You start resting.
HP restored.
Magic restored.
You see here an adder corpse.
Things that are here:
a +0 club; an adder corpse The endoplasm quivers.
An endoplasm is nearby!
Press: ? - help, Shift-Dir - straight line, f - endoplasm
Aim: an endoplasm The splash of poison hits the endoplasm.
The endoplasm is poisoned.
The endoplasm is lightly wounded.
Unknown command.
Casting: Sting (safe; 5% risk of failure)
Confirm with . or Enter, or press ? or * to list all spells.
Aiming: Sting (safe; 5% risk of failure)
Press: ? - help, Shift-Dir - straight line, f/p - endoplasm
Aim: an endoplasm (moderately wounded, poisoned, 98% to hit)
The sting hits the endoplasm.
The endoplasm looks even sicker.
The endoplasm is heavily wounded.
Casting: Sting (safe; 5% risk of failure)
Confirm with . or Enter, or press ? or * to list all spells.
Aiming: Sting (safe; 5% risk of failure)
Press: ? - help, Shift-Dir - straight line, f/p - endoplasm
Aim: an endoplasm (heavily wounded, very poisoned, 98% to hit)
The sting hits the endoplasm.
The endoplasm looks even sicker.
The endoplasm is heavily wounded.
You kill the endoplasm!
You have reached level 4!
You feel stronger.
Are you sure you want to abandon this character and quit the game? (Confirm with "yes".)

##...................##
....†...........######
#.............#.#
#.#...........#.#
..########...##.# ..#
#....##.# ....
#.#..##†##
#.#.#####.#..##).#
#.#..........###@# .#
#####....###.###
#..#........##
....##.........## .###
#..........#
#..........##
.............#
##......>.....#
..............#


There were no monsters in sight!

Vanquished Creatures
  4 adders (D:2)
  A ball python (D:2)
  An endoplasm (D:2)
  3 goblins
  2 hobgoblins
  3 jackals (D:1)
  3 kobolds
  2 quokkas (D:1)
  A bat (D:1)
  2 frilled lizards
  A rat (D:1)
23 creatures vanquished.

Notes
Turn   | Place    | Note
-------+----------+-------------------------------------------
     0 | D:1      | Meow the Naga Venom Mage began the quest for the Orb.
     0 | D:1      | Reached XP level 1. HP: 15/15 MP: 3/3
   246 | D:1      | Reached XP level 2. HP: 22/22 MP: 5/5
   398 | D:1      | Found a faded altar of an unknown god.
   512 | D:2      | Reached XP level 3. HP: 28/28 MP: 2/7
   516 | D:2      | Learned a level 3 spell: Mephitic Cloud
   520 | D:2      | Learned a level 3 spell: Ignite Poison
   655 | D:2      | Reached skill level 5 in Poison Magic
   713 | D:2      | Reached XP level 4. HP: 36/36 MP: 5/8
   713 | D:2      | Quit the game

Illustrated notes

Levels and vault maps discovered:
D:1:      shiori_arrival_oz, layout_loops_ring,
          hellmonk_ecumenical_altar_inner_sanctum
D:2:      layout_rooms

Skill      XL: |  1  2  3 |
---------------+----------+-----
Poison Magic   | 5 |  5.3
Spellcasting   | 3 |  3.0
Dodging        | |  1.5
Stealth        | |  3.0
Transmutations | |  1.0

Action                   |  1- 3 |  4- 6 || total
-------------------------+-------+-------++-------
Melee: Long sword        |     3 |       ||     3
Throw: Stone             |     3 |       ||     3
 Cast: Sting             |    12 |       ||    12
       Mephitic Cloud    |     1 |       ||     1
 Abil: Spit Poison       |    22 |       ||    22
Armor: Robe              |     1 |       ||     1
Dodge: Dodged            |     6 |       ||     6

Table legend: (Time is in decaauts)
 A = Elapsed time spent in this place.
 B = Non-inter-level travel time spent in this place.
 C = Inter-level travel time spent in this place.
 D = Time resting spent in this place.
 E = Time spent auto-exploring this place.
 F = Levels seen in this place.
 G = Mean time per level.
                   A        B        C        D        E       F      G
               +--------+--------+--------+--------+--------+-----+--------+
         Total |    912 |    849 |     63 |    135 |    328 |   2 |  456.0 |
       Dungeon |    912 |    849 |     63 |    135 |    328 |   2 |  456.0 |
               +--------+--------+--------+--------+--------+-----+--------+

Top non-repeatable levels by time:
     D:1: 565 daAuts
     D:2: 346 daAuts
